 Dungeon Crawl Stone Soup version 0.31-a0-198-g2ad674f65e (webtiles) character file.

Game seed: 8662986340649230614

290 ryw the Trooper (level 6, -8/52 HPs)
             Began as a Demonspawn Monk on June 26, 2023.
             Mangled by a wyvern (15 damage)
             ... on level 4 of the Dungeon.
             The game lasted 00:06:30 (3476 turns).

ryw the Trooper (Demonspawn Monk)                   Turns: 3476, Time: 00:06:31

Health: -8/52      AC:  8    Str: 14    XL:     6   Next: 9%
Magic:  6/6        EV: 10    Int: 11    God:
Gold:   147        SH:  0    Dex: 15    Spells: 5/5 levels left

rFire   . . .        v - +0 war axe
rCold   . . .        c - orb {light}
rNeg    . . .        m - +0 scale mail
rPois   .            (helmet restricted)
rElec   .            (no cloak)
rCorr   .            (no gloves)
SInv    .            (no boots)
Will    .....        k - amulet of magic regeneration Stlth
                     (no ring)
HPRegen 0.28/turn    (no ring)
MPRegen 0.50/turn

%: no passive effects
@: hasted, glowing, very quick
A: antennae 1, molten scales 1, powered by death 1, spiny 1
a: no special abilities


You were on level 4 of the Dungeon.
You visited 1 branch of the dungeon, and saw 4 of its levels.

You collected 147 gold pieces.

Inventory:

Hand Weapons
 v - a +0 war axe (weapon)
Missiles
 a - 3 poisoned darts
 p - 5 boomerangs (quivered)
Armour
 c - an orb of light (worn)
 m - a +0 scale mail (worn)
 q - a +0 plate armour
Jewellery
 k - an amulet of magic regeneration (around neck)
 n - an amulet of faith
Scrolls
 d - a scroll of enchant armour {unknown}
 e - a scroll of poison {unknown}
 f - a scroll of revelation {unknown}
 g - a scroll of blinking {unknown}
 h - 8 scrolls of teleportation {unknown}
 i - a scroll of amnesia {unknown}
 j - a scroll of vulnerability {unknown}
 t - a scroll of fear {unknown}
 u - 2 scrolls of identify {unknown}
 w - a scroll of immolation {unknown}
Potions
 o - a potion of cancellation {unknown}
 r - a potion of lignification {unknown}
 s - a potion of degeneration {unknown}
 x - a potion of haste


   Skills:
 + Level 6.1 Fighting
 + Level 1.7 Axes
 + Level 0.0 Armour
 - Level 3.0 Dodging
 - Level 3.0 Unarmed Combat


You had 5 spell levels left.
You didn't know any spells.
Your spell library was empty.

Dungeon Overview and Level Annotations

Branches:
Dungeon (4/15)
 Temple: D:4-7

Altars:

Annotations:
D:3 1 runed translucent door, Crazy Yiuf


Innate Abilities, Weirdness & Mutations

You have a pair of small antennae on your head.
You are partially covered in molten scales. (AC +2)
You regenerate a little health from kills.
You are partially covered in sharp spines.


Message History

No target in view!
No target in view!
You open the door.
There is an open door here.
You now have 147 gold pieces (gained 4).
A wyvern comes into view.
Found a scale mail.
The wyvern hisses angrily.
An adder comes into view.
The adder hisses angrily.
The wyvern bites you.
You hit the wyvern but do no damage. The wyvern bites you!
The wyvern is struck by your spines. The wyvern bites you.
The wyvern bites you.
You hit the wyvern.
The wyvern is moderately wounded.
The wyvern is struck by your spines. The wyvern bites you.
The wyvern completely misses you. The wyvern bites you!
* * * LOW HITPOINT WARNING * * *
You slash the wyvern!
The wyvern is severely wounded.
The wyvern bites you.
* * * LOW HITPOINT WARNING * * *
The wyvern is struck by your spines. The wyvern bites you.
* * * LOW HITPOINT WARNING * * *
Unknown command.
It was a potion of haste.
You feel yourself speed up. The wyvern barely misses you.
It was a potion of curing.
You feel better. The wyvern bites you!
* * * LOW HITPOINT WARNING * * *
You hit the wyvern but do no damage.
The wyvern is severely wounded.
The wyvern bites you.
* * * LOW HITPOINT WARNING * * *
You feel better. The wyvern is struck by your spines.
The wyvern barely misses you.
You barely miss the wyvern.
The wyvern is almost dead.
The wyvern bites you!
You die...

.......# ## ## ###+##.# ..
.. # .......###.# #. .#.#
...........# #.##.#.
......####### S....####
......# #... .......#
#...#####.### #....# #..##
#.....######...##.[
#..####.#...#...@lS.......
........#...#'####.##.#...
..#######.......##.# # #
.## #.......##.# .#
#.......##.# .#
#.......##.# .#
#..........# .#
##....###### .# ######


You could see a wyvern and an adder.

Vanquished Creatures
  A black bear (D:4)
  A sleepcap (D:4)
  3 adders
  3 gnolls (D:3)
  A white imp (D:3)
  4 worms
  3 dart slugs (D:1)
  6 orcs
  5 endoplasms
  3 giant cockroaches
  6 goblins
  10 hobgoblins
  3 jackals (D:1)
  5 kobolds
  4 quokkas
  10 ball pythons
  8 bats
  3 frilled lizards
  7 rats
86 creatures vanquished.

Notes
Turn   | Place    | Note
-------+----------+-------------------------------------------
     0 | D:1      | ryw the Demonspawn Monk began the quest for the Orb.
     0 | D:1      | Reached XP level 1. HP: 18/18 MP: 1/1
   252 | D:1      | Gained mutation: You regenerate a little health from kills.
                  | [demonic ancestry]
   252 | D:1      | Reached XP level 2. HP: 18/24 MP: 2/2
   671 | D:1      | Reached XP level 3. HP: 30/30 MP: 3/3
   860 | D:1      | Reached skill level 4 in Fighting
  1566 | D:2      | Gained mutation: You have a pair of small antennae on your
                  | head. [demonic ancestry]
  1566 | D:2      | Reached XP level 4. HP: 34/38 MP: 4/4
  1939 | D:3      | Reached skill level 5 in Fighting
  2325 | D:3      | Gained mutation: You are partially covered in molten
                  | scales. (AC +2) [demonic ancestry]
  2325 | D:3      | Reached XP level 5. HP: 36/44 MP: 5/5
  2692 | D:3      | Found a runed translucent door.
  2693 | D:3      | Noticed Crazy Yiuf
  3059 | D:4      | Noticed a black bear
  3307 | D:4      | Killed a black bear
  3308 | D:4      | Reached skill level 6 in Fighting
  3308 | D:4      | Reached skill level 1 in Axes
  3308 | D:4      | Gained mutation: You are partially covered in sharp spines.
                  | [demonic ancestry]
  3308 | D:4      | Reached XP level 6. HP: 34/52 MP: 6/6
  3465 | D:4      | Noticed a wyvern
  3474 | D:4      | HP: 1/52 [wyvern (3)]
  3476 | D:4      | Mangled by a wyvern

Illustrated notes

Levels and vault maps discovered:
D:1:      dpeg_arrival_rooms_with_view, layout_loops_ring, serial_bayou,
          serial_bayou_pond_d, serial_bayou_pond_c, serial_bayou_pond_d,
          serial_bayou_pond_c
D:2:      layout_basic
D:3:      layout_loops_ring, uniq_crazy_yiuf_cottage
D:4:      layout_basic

Skill      XL: |  1  2  3  4  5 |
---------------+----------------+-----
Dodging        | 3 |  3.0
Unarmed Combat | 3 |  3.0
Fighting       | 4 5 6 |  6.1
Axes           | 1 |  1.7

Action                     |  1- 3 |  4- 6 || total
---------------------------+-------+-------++-------
  Melee: Unarmed           |    59 |       ||    59
         Mace              |   101 |   101 ||   202
         War axe           |       |    24 ||    24
  Throw: Boomerang         |       |    19 ||    19
    Use: Potion            |       |     4 ||     4
 Armour: Robe              |    29 |       ||    29
         Scale mail        |     2 |    61 ||    63
  Dodge: Dodged            |   111 |    93 ||   204

Table legend: (Time is in decaauts)
 A = Elapsed time spent in this place.
 B = Non-inter-level travel time spent in this place.
 C = Inter-level travel time spent in this place.
 D = Time resting spent in this place.
 E = Time spent auto-exploring this place.
 F = Levels seen in this place.
 G = Mean time per level.
                   A        B        C        D        E       F      G
               +--------+--------+--------+--------+--------+-----+--------+
         Total |   3584 |   3390 |    194 |    673 |   1840 |   4 |  896.0 |
       Dungeon |   3584 |   3390 |    194 |    673 |   1840 |   4 |  896.0 |
               +--------+--------+--------+--------+--------+-----+--------+

Top non-repeatable levels by time:
     D:1: 1337 daAuts
     D:3: 1099 daAuts
     D:2: 671 daAuts
     D:4: 477 daAuts
